[Event "*** Titled Tuesday Blitz"]
[Site "Chess.com"]
[Date "2020.05.12"]
[Round "8"]
[White "tamarozi99"]
[Black "blitzking1729"]
[Result "0-1"]
[WhiteElo "1990"]
[BlackElo "2490"]
[TimeControl "180+1"]
[EndTime "11:34:02 PDT"]
[Termination "blitzking1729 won on time"]

1. e4 d6 2. d4 Nf6 3. Nc3 e5 4.
Nf3 Nbd7 5. dxe5 dxe5 6. Bc4 Be7 7. O-O O-O 8. Qe2 c6 9. a4 Qc7 10. h3 Nc5 11. Bg5 Be6 12. Rfe1 a5 13. b3 Rfd8 14. Rad1 Bxc4 15. Qxc4 Ne6 16. Bh4 Nf4 17. Ng5 Bb4 18. Kh2 h6 19. Nf3 Be7 20. Bg3 Ng6 21. Rd2 Rxd2 22. Nxd2 Rd8 23. Rd1 Nh5 24. Nf1 Rxd1 25. Nxd1 Nxg3 26. Nxg3 Qd7 27. Ne3 Bg5 28. Ngf5 Bxe3 29.
Nxe3 Nf4 30. Nf5 Ne6 31. Qc3 f6 32. Qxa5 Kh7 33. Qb6 g6 34. Ne3 Ng5 35. f3 f5 36.
exf5 gxf5 37. h4 Nf7 38. g3 f4 39. gxf4 exf4 40. Ng4 Qe7 41. Qd4 Qe2+ 42. Qf2 Qe7 43.
Kh3 h5 44. Nh2 Qe6+ 45. Kg2 Ne5 46. Kf1 Ng6 47. Qd4 Qf7 48. Qe4 Kh6 49. Kf2 Nxh4 50.
Qd4 Ng6 51. Nf1 Qe7 52. Qe4 Qh4+ 53. Ke2 Qh3 54. Kd3 Qxf1+ 55. Kd4 Qf2+ 56. Kc4 Qe3 0-1

[Event "*** Titled Tuesday Blitz"]
[Site "Chess.com"]
[Date "2020.05.12"]
[Round "8"]
[White "Kaliopa"]
[Black "WeAintSurePal"]
[Result "1/2-1/2"]
[WhiteElo "2120"]
[BlackElo "2346"]
[TimeControl "180+1"]
[EndTime "11:34:03 PDT"]
[Termination "Game drawn by repetition"]

1. e4 c5 2. Nf3 a6 3. c4 d6 4. d4 cxd4 5. Nxd4 Nf6 6. Nc3 e6 7. Be2 Be7 8. Be3 O-O 9. O-O b6 10. Qd2 Bb7 11. f3 Nbd7 12. Rfd1 Qc7 13. Rac1 Rac8 14.
Bf1 Rfe8 15. Qf2 Qb8 16. b4 Ne5 17. Na4 Nfd7 18. Nb3 Nxc4 19. Bxc4 b5 20. Bf1 bxa4 21.
Na5 Ne5 22. a3 Rxc1 23. Rxc1 Rc8 24. Nxb7 Qxb7 25. Qe2 Rxc1 26. Bxc1 Qc6 27. Bf4 g5 28. Bxe5 dxe5 29. Qxa6 Qd7 30. Qd3 Qa7+ 31. Kh1 Qf2 32. Qe2 Qd4 33. Qd3 Qf2 34. Qe2 Qd4 35. Qd3 Qa1 36. g3 Qb2 37. Be2 Kg7 38. Qe3 h6 39. h4 gxh4 40. gxh4 Bxh4 41. Kg2 Bg5 42. Qd3 Bc1 43. b5 Qxa3 44. Qxa3 Bxa3 45. Bd1 Bc5 46. Bxa4 Kg6 47. Bd1 Kg5 48. Kg3 h5 49. Be2 h4+ 50. Kh3 Bf2 51. Bd1 Kf4 52. b6 Bxb6 53.
Kxh4 f5 54. exf5 exf5 55. Bc2 Bf2+ 56. Kh5 Kxf3 57. Bxf5 Kf4 58. Kg6 Bb6 59. Bb1 Bd4 60. Bf5 Ke3 61. Bb1 Kf2 62. Bf5 Kg3 63. Bb1 Kf3 64.
Bf5 Kf4 65. Bb1 Ke3 66. Bf5 Kd2 67. Bb1 Kc3 68. Be4 Kc4 69. Kf5 Kc3 70. Bf3 Kd2 71. Be4 Ke3 72. Bd5 Kf2 73. Be4 Kg3 74. Bd5 Kh4 75. Be4 Kg3 76. Bd5 Kf2 77. Be4 Ke3 78. Bd5 Kd2 79. Be4 Kc3 80. Bf3 Kb4 81. Be4 Kc5 82.
Bh1 Kd6 83. Be4 Ke7 84. Bh1 Kf7 85. Be4 Kg7 86. Bh1 Kh6 87. Be4 Kh5 88. Bd5 Kh4 89.
Be4 Kg3 1/2-1/2

[Event "*** Titled Tuesday Blitz"]
[Site "Chess.com"]
[Date "2020.05.12"]
[Round "8"]
[White "Saloni1299"]
[Black "Charlottemillard17"]
[Result "1-0"]
[WhiteElo "2291"]
[BlackElo "1418"]
[TimeControl "180+1"]
[EndTime "11:34:04 PDT"]
[Termination "Saloni1299 won on time"]

1. e4 e5 2. Nf3 Nc6 3. Bb5 a6 4. Ba4 Bc5 5. c3 b5 6. Bb3 Nf6 7. O-O O-O 8. d4 exd4 9. cxd4 Bb4 10. e5 Ne8 11. a3 Ba5 12. d5 Na7 13. d6 cxd6 14.
exd6 Qf6 15. Qd5 Rb8 16. Qd4 Qxd6 17. Qxa7 Bb6 18. Rd1 Qxd1+ 19. Bxd1 Bxa7 20. Bf4 Ra8 21. Nc3 Nf6 22. Ne5 Re8 23. Bf3 Rb8 24. Nxf7 Kxf7 25.
Bxb8 Bxb8 26. Rd1 Be5 27. h3 Bxc3 28. bxc3 Rd8 29. Rd6 Ke7 30. Rd4 d6 31. a4 bxa4 32. Rxa4 Rd7 33. Kf1 d5 34. Ke2 Ne4 35. Bxe4 dxe4 36.
Rxe4+ Kf6 37. Rf4+ Ke5 38. Rh4 h6 39. Ke3 Rc7 40. c4 Rc5 41. Re4+ Kd6 42. Kd4 a5 43. f4 a4 44. Re3 Ra5 45. Rc3 a3 46. c5+ Rxc5 47. Rxc5 a2 48. Ra5 Be6 49. f5 Bxf5 50.
Rxa2 Be6 51. Ra6+ Ke7 52. Ke5 Bc4 53. Ra7+ Kf8 54. h4 Bf1 55. g4 Bh3 56. g5 hxg5 57. hxg5 Bg4 58. g6 Bh5 59. Kf5 Bxg6+ 60. Kxg6 1-0

[Event "*** Titled Tuesday Blitz"]
[Site "Chess.com"]
[Date "2020.05.12"]
[Round "8"]
[White "ketster"]
[Black "Kotofeyca"]
[Result "1/2-1/2"]
[WhiteElo "2291"]
[BlackElo "2426"]
[TimeControl "180+1"]
[EndTime "11:34:06 PDT"]
[Termination "Game drawn - insufficient material"]

1. d4 d5 2. c4 c6 3. Nf3 Nf6 4. g3 Bg4 5. Ne5 Bf5 6. Bg2 e6 7. Nc3 Nbd7 8. cxd5 exd5 9. Bf4 Nh5 10. Bd2 Nhf6 11.
Bf4 h6 12. O-O g5 13. Bd2 Bd6 14. f4 g4 15. Re1 Qb6 16. e3 h5 17. Qb3 Qxb3 18.
axb3 a6 19. e4 dxe4 20. Nxe4 Nxe4 21. Bxe4 Bxe4 22. Rxe4 Nf6 23. Ree1 Kf8 24. Nc4 Be7 25. Na5 Rb8 26. Re2 Nd5 27. Rae1 Bd6 28. Nc4 Bc7 29. Bc3 Kg7 30. Ne5 Rbd8 31. Nd3 h4 32. Kg2 hxg3 33. hxg3 Rh3 34. Rh1 Rdh8 35. Rxh3 Rxh3 36. Nc5 Bxf4 37. Nxb7 Rxg3+ 38. Kf2 Rf3+ 39. Kg2 Rh3 40. Nc5 Rh2+ 41. Kf1 g3 42. Rxh2 gxh2 43. Kg2 Ne3+ 44. Kh1 Nd1 45. Nd3 Bd6 46. Bd2 Kg6 47. Bf4 Bxf4 48. Nxf4+ Kf5 49. Nd3 Ke4 50. Nc5+ Kxd4 51. Nxa6 Nxb2 52. Kxh2 Nd3 53. Nb8 Ne5 54. Kg3 Kc3 55.
Kf4 f6 56. Kf5 Kxb3 57. Nxc6 Nd7 58. Ke6 Nc5+ 59. Kxf6 1/2-1/2

[Event "*** Titled Tuesday Blitz"]
[Site "Chess.com"]
[Date "2020.05.12"]
[Round "8"]
[White "Khamrakulov_Djurabek"]
[Black "DrVitman"]
[Result "1-0"]
[WhiteElo "2801"]
[BlackElo "2559"]
[TimeControl "180+1"]
[EndTime "11:34:07 PDT"]
[Termination "Khamrakulov_Djurabek won on time"]

1. e4 c5 2. c3 d5 3. exd5 Qxd5 4. d4 Nf6 5. Nf3 e6 6. Be3 cxd4 7. cxd4 Bd7 8. Nc3 Bb4 9. Bd3 Bxc3+ 10. bxc3 Bb5 11.
O-O Bxd3 12. Qxd3 Nc6 13. Rfb1 b6 14. Bg5 O-O 15. Bxf6 gxf6 16. Rb5 Qd6 17. Rh5 f5 18. Ng5 f6 19. Nxh7 Rf7 20. Qh3 Qe7 21. Nxf6+ Qxf6 22. Rh6 Qg7 23. Rxe6 Ne7 24. Rae1 Ng6 25. Qg3 Nf8 26. Qf3 Nxe6 27. Qxa8+ Nf8 28. Qd5 Qf6 29. f4 Kg7 30. Re5 Ng6 31. Re8 Nxf4 32. Qa8 Re7 33. g3 Ne2+ 34. Kf2 Nxc3 35. Rg8+ Kh7 36. Rd8 Ne4+ 37.
Kg1 Ng5 38. Qd5 Qe6 39. Qxe6 Nxe6 40. Rd6 Kg7 41. Kf2 Kf7 42. h4 Rc7 43. d5 Nc5 44.
Ke3 Ne4 45. Rh6 Rc3+ 46. Kf4 Rxg3 47. Kxf5 Nc5 48. Rh7+ Ke8 49. Rxa7 Rd3 50. Ke5 Rh3 51. Rh7 Rh2 52. Kd6 Ne4+ 53. Kc6 Rd2 54. Rh5 Nf6 55.
Rf5 Kf7 56. h5 Kg7 57. h6+ Kg6 58. Re5 Kxh6 59. d6 Kg6 60. Re6 Kf7 61. Re7+ Kg6 62. a4 Rd4 63. Ra7 1-0

[Event "*** Titled Tuesday Blitz"]
[Site "Chess.com"]
[Date "2020.05.12"]
[Round "8"]
[White "ChronicUnhappiness"]
[Black "BlackWidow515"]
[Result "1-0"]
[WhiteElo "2323"]
[BlackElo "2132"]
[TimeControl "180+1"]
[EndTime "11:34:07 PDT"]
[Termination "ChronicUnhappiness won by resignation"]

1. c4 e6 2. Nf3 Nf6 3. d4 d5 4.
Nc3 Be7 5. Bg5 O-O 6. e3 b6 7. Be2 Bb7 8. O-O Nbd7 9. cxd5 Nxd5 10. Bxe7 Qxe7 11. Qa4 c5 12. Qa3 Qf6 13. Ne4 Qg6 14.
Bd3 Qh6 15. dxc5 bxc5 16. Nxc5 Nxc5 17. Qxc5 Rfc8 18. Qd4 Rd8 19. Be2 Nf6 20. Qb4 Rab8 21. Qa3 Ng4 22. h3 Nf6 23. Rfd1 Bd5 24. Rd2 Ne4 25.
Rd4 Ng5 26. Nxg5 Qxg5 27. Rg4 Qf6 28. Qc3 Qxc3 29. bxc3 Rb2 30. Bf1 Rc8 31. Ra4 Rxc3 32. Rxa7 Rcc2 33. f3 g6 34. a4 Rc3 35. e4 Bc4 36. Rc7 Rb4 37. Bxc4 Rbxc4 38. Rxc4 Rxc4 39. a5 Rc7 40. Kf2 Kf8 41. Ke3 Ke7 42. Kd4 Kd6 43. e5+ Kd7 44. a6 Ra7 45. Kc5 Kc7 46. Kb5 Ra8 47. Rc1+ Kb8 48. Kb6 h5 49. h4 g5 50. hxg5 h4 51. Rh1 Ra7 52. Rxh4 Rc7 53. Rh8+ Rc8 54. a7+ 1-0

[Event "*** Titled Tuesday Blitz"]
[Site "Chess.com"]
[Date "2020.05.12"]
[Round "8"]
[White "Camels1981"]
[Black "umngqusho"]
[Result "1-0"]
[WhiteElo "2318"]
[BlackElo "2443"]
[TimeControl "180+1"]
[EndTime "11:34:08 PDT"]
[Termination "Camels1981 won on time"]

1. e4 e5 2. Nf3 Nc6 3. Bb5 a6 4.
Ba4 Nf6 5. d4 exd4 6. O-O Be7 7.
Re1 O-O 8. e5 Nd5 9. Nxd4 Nxd4 10.
Qxd4 Nb6 11. Bb3 d5 12. exd6 Bf6 13. Qf4 Qxd6 14. Qxd6 cxd6 15. Nc3 Bxc3 16. bxc3 d5 17. Ba3 Be6 18. Bxf8 Kxf8 19. Rab1 Rc8 20. a4 Rxc3 21.
a5 Nd7 22. f3 Rc7 23. Kf2 Nf6 24.
Ra1 Ke7 25. Ra4 Kd6 26. Rb4 Nd7 27. Rd1 Kc5 28. Rbd4 Nf6 29. g4 h6 30. h4 g5 31.
hxg5 hxg5 32. c4 dxc4 33. Bxc4 Rc6 34. Bxe6 Rxe6 35. Rd8 Kb5 36. R8d6 Kxa5 37. Rxe6 fxe6 38. Rd6 Nd5 39. Rxe6 b5 40. Re5 Nf4 41. Ke3 Ng2+ 42. Kd4 Kb4 43. Rxg5 a5 44. Rg8 a4 45. g5 Nf4 46.
Ke4 Ne6 47. Ke5 Nc5 48. g6 a3 49. g7 a2 50. Ra8 Na4 51. g8=Q a1=Q+ 52. Kf5 Qb1+ 53. Kf4 Nc5 54. Qf8 Qc1+ 55. Kf5 Kc4 56. Rc8 Qc2+ 57. Kg4 Qg6+ 58. Kf4 Qb6 59. Qf5 Kb4 60.
Qb1+ 1-0

[Event "*** Titled Tuesday Blitz"]
[Site "Chess.com"]
[Date "2020.05.12"]
[Round "8"]
[White "AsselLesbekova"]
[Black "MasterKroket"]
[Result "0-1"]
[WhiteElo "2257"]
[BlackElo "2421"]
[TimeControl "180+1"]
[EndTime "11:34:08 PDT"]
[Termination "MasterKroket won by checkmate"]

1. e4 c5 2. Nf3 e6 3. c4 Nc6 4. Be2 Be7 5. O-O d6 6. d4 cxd4 7. Nxd4 Bf6 8. Be3 Nge7 9. Nc3 a6 10. Qd2 O-O 11. Rfd1 Bd7 12. Rac1 Qa5 13. Nb3 Qc7 14.
Qxd6 Qxd6 15. Rxd6 Bc8 16. f4 e5 17. f5 b5 18. cxb5 axb5 19. Bxb5 Bb7 20. Nc5 Nc8 21.
Rd7 Nd4 22. Nxb7 Nb6 23. Rd6 Nc8 24. Rd7 Nb6 25. Rd6 Nc8 26. Rd5 Nb6 27. Rc5 Nd7 28. Rc4 Nb6 29. Rb4 Be7 30. Bxd4 exd4 31. a3 Bxb4 32.
axb4 dxc3 33. bxc3 Rab8 34. Nd6 Rfd8 35. e5 Nd5 36. Bc4 Ne3 37. Bxf7+ Kf8 38. Be6 Ra8 39. Kf2 Ng4+ 40. Kg3 Nxe5 41. b5 Rxd6 42. c4 Nd3 43.
Rd1 Ra3 44. Kh4 Ke7 45. Rb1 Nc5 46. b6 Ra8 47. g4 Rb8 48. b7 Rxb7 49. Re1 Rb2 50.
Bd5+ Kf6 51. h3 h6 52. Re8 Nd3 53. Rf8+ Ke5 54. Re8+ Kd4 55. Re4+ Kc5 56. Re8 Rh2 57. Rc8+ Kd4 58. Rc7 Ne1 59. Rxg7 Nc2 60. Kh5 Ne3 61.
h4 Ng2 62. Rg6 Rxh4# 0-1

[Event "*** Titled Tuesday Blitz"]
[Site "Chess.com"]
[Date "2020.05.12"]
[Round "8"]
[White "petrkostenko"]
[Black "JonahWillow"]
[Result "1-0"]
[WhiteElo "2487"]
[BlackElo "2665"]
[TimeControl "180+1"]
[EndTime "11:34:09 PDT"]
[Termination "petrkostenko won on time"]

1. e4 c5 2. Nf3 Nc6 3. d4 cxd4 4.
Nxd4 g6 5. c4 Nf6 6. Nc3 d6 7.
Be2 Nxd4 8. Qxd4 Bg7 9. Be3 O-O 10. Qd2 a5 11. Rc1 a4 12. O-O Qa5 13. Rfd1 Be6 14. f3 Rfc8 15. Nb5 Nd7 16. Nd4 Nc5 17. Rb1 Qxd2 18.
Rxd2 Ra6 19. g4 Rb6 20. g5 Rb4 21. Rc1 Nd7 22. a3 Bxd4 23. Bxd4 Rb3 24. Bd1 Rxc4 25. Rxc4 Bxc4 26. Bxb3 Bxb3 27. Kf2 Kf8 28. h4 Ke8 29. Ke3 Kd8 30. h5 Kc7 31. Rh2 e5 32. Bc3 Nf8 33. Rh1 Ne6 34. hxg6 hxg6 35. Rg1 Kc6 36. Bb4 b6 37. Rc1+ Kd7 38. Rc3 Nxg5 39. Rd3 d5 40.
exd5 Nh3 41. Rd2 Nf4 42. d6 f5 43. Rh2 Nd5+ 44. Kd2 Nxb4 45. axb4 Kxd6 46. Rh8 Kc6 47. Re8 Kd5 48. Kc3 e4 49. fxe4+ fxe4 50. Rd8+ Ke5 51.
Re8+ Kd5 52. b5 g5 53. Rg8 e3 54. Rxg5+ Ke4 55. Rg6 Kf3 56. Rxb6 Kf2 57. Rf6+ Kg2 58.
b6 Bd5 59. Rf5 Be4 60. Re5 Kf3 61. Kd4 Bb7 62. Rxe3+ Kf4 63. Re7 1-0

[Event "*** Titled Tuesday Blitz"]
[Site "Chess.com"]
[Date "2020.05.12"]
[Round "8"]
[White "venus02"]
[Black "Margarita2907"]
[Result "1-0"]
[WhiteElo "2294"]
[BlackElo "2014"]
[TimeControl "180+1"]
[EndTime "11:34:09 PDT"]
[Termination "venus02 won by resignation"]

1. e4 c5 2. Nf3 d6 3. d4 cxd4 4. Nxd4 Nf6 5. Nc3 a6 6. Bg5 Nbd7 7. Bc4 e6 8. Bb3 b5 9. a3 Bb7 10. O-O Be7 11. Qe2 O-O 12. Rad1 Nc5 13. e5 Nfe4 14. Nxe4 Nxe4 15. Bxe7 Qxe7 16. f3 dxe5 17. Nxe6 Nc5 18. Nxc5 Qxc5+ 19. Qf2 Qxf2+ 20. Kxf2 Rfd8 21. Ke3 Kf8 22. c3 Ke7 23. Rxd8 Rxd8 24. Rd1 f6 25. Rxd8 Kxd8 26.
g3 Ke7 27. f4 Kd6 28. Bc2 h6 29. b4 Bc8 30. a4 Bd7 31. axb5 axb5 32. Bd3 Kd5 33.
h4 Be8 34. Bf1 Bd7 35. Be2 Be8 36. Bd1 Kc4 37. Kd2 exf4 38. gxf4 Kd5 39. Bf3+ Kc4 40. h5 Bd7 41. Be2+ Kd5 42. Ke3 Be8 43. Bd1 Kc4 44. Kd2 Bd7 45. Bc2 Be8 46. Bd3+ Kd5 47. Ke3 Bd7 48. Bg6 Bc6 49. Be4+ Kd6 50. Bxc6 Kxc6 51. Kd4 Kd6 52. f5 Kc6 53. c4 bxc4 54. Kxc4 Kd6 55. b5 Ke5 56. b6 Kd6 57. Kb5 Kd7 58. b7 Kc7 59. Ka6 Kb8 60. Kb6 g5 61. fxg6 f5 62. g7 1-0

[Event "*** Titled Tuesday Blitz"]
[Site "Chess.com"]
[Date "2020.05.12"]
[Round "8"]
[White "GMStefanova"]
[Black "Godzillator"]
[Result "0-1"]
[WhiteElo "2617"]
[BlackElo "2473"]
[TimeControl "180+1"]
[EndTime "11:34:10 PDT"]
[Termination "Godzillator won by resignation"]

1. d4 d5 2. Nf3 Nf6 3. c4 c6 4.
Qb3 dxc4 5. Qxc4 Bf5 6. g3 e6 7. Bg2 Be7 8. O-O O-O 9. Nc3 Nbd7 10. Qb3 Ne4 11. Qxb7 Nxc3 12. bxc3 c5 13. Ba3 Rb8 14. Qa6 Be4 15. Rfd1 Qc7 16. dxc5 Nxc5 17. Qc4 Bd5 18. Qf4 Bd6 19. Qe3 Ne4 20. Bxd6 Nxd6 21. Ng5 Bxg2 22.
Kxg2 h6 23. Nf3 Rfc8 24. Rac1 Rb2 25. Qe5 Nc4 26. Qxc7 Rxc7 27. Rd8+ Kh7 28. Nd4 Rxa2 29. Nb5 Rb7 30. Nd4 a5 31. Rc8 Ne5 32. c4 Rd7 33. Nf3 Nxf3 34. Kxf3 Rdd2 35. Re1 Rdc2 36. c5 Rc3+ 37.
Kg2 Rac2 38. Rd1 Rxc5 39. Rxc5 Rxc5 40. Rd7 Kg6 41. Ra7 Kf6 42. h4 g5 43. hxg5+ hxg5 44. g4 Kg6 45. e3 f5 46. Kg3 Kf6 47. gxf5 exf5 48. f4 gxf4+ 49. Kxf4 Rc4+ 50. Kf3 a4 51. Ke2 Ke5 52. Kd3 Rb4 53. Ra5+ Kf6 54. Ra6+ Kg5 55. Kc3 Re4 56. Kd3 Kg4 57. Ra5 Rb4 58. Kc3 Rb3+ 59. Kd4 a3 60. e4 f4 61. e5 f3 62.
Ra8 f2 63. Rf8 Kg3 64. e6 a2 65. e7 a1=Q+ 0-1

[Event "*** Titled Tuesday Blitz"]
[Site "Chess.com"]
[Date "2020.05.12"]
[Round "8"]
[White "AsaHoffmann"]
[Black "salomez"]
[Result "1/2-1/2"]
[WhiteElo "2376"]
[BlackElo "2247"]
[TimeControl "180+1"]
[EndTime "11:34:10 PDT"]
[Termination "Game drawn - insufficient material"]

1. d4 Nf6 2. Bg5 g6 3. Nc3 Bg7 4. e4 d6 5. f3 c6 6. Qd3 Nbd7 7. O-O-O O-O 8. Qd2 Qc7 9. Bh6 e5 10. Nge2 Nb6 11. b3 a5 12. a4 Be6 13. h4 c5 14.
Nb5 Qe7 15. Bxg7 Kxg7 16. dxe5 dxe5 17. Qd6 Qxd6 18. Rxd6 Nc8 19. Rxe6 c4 20. Rxe5 cxb3 21. cxb3 Nb6 22. Nec3 Rac8 23. Kb2 Rfd8 24. Kc2 Nfd7 25. Re7 Kf6 26. Rxd7 Rxd7 27. h5 g5 28. h6 Rcd8 29.
Be2 Rd2+ 30. Kc1 Kg6 31. Rd1 Rxd1+ 32. Bxd1 Kxh6 33. Be2 Kg6 34. g4 Kf6 35. Kc2 Ke5 36. Na3 Kf4 37. Nc4 Nxc4 38. bxc4 Ke3 39. Bd1 Rc8 40.
Nd5+ Kd4 41. Be2 h5 42. gxh5 Rh8 43. Kd2 Rxh5 44. f4 Rh2 45. fxg5 Kxe4 46. Ne3 Kf4 47. c5 Kxg5 48. Nc4 f5 49. Nxa5 f4 50. Kd3 Rh3+ 51. Kd4 Ra3 52. Nxb7 Rxa4+ 53. Ke5 Ra2 54. Bf3 Ra3 55.
Bd5 f3 56. Bxf3 Rxf3 57. c6 Rc3 58. Kd6 Rxc6+ 59. Kxc6 1/2-1/2

[Event "*** Titled Tuesday Blitz"]
[Site "Chess.com"]
[Date "2020.05.12"]
[Round "8"]
[White "noblerone"]
[Black "Sethu0025"]
[Result "1-0"]
[WhiteElo "2435"]
[BlackElo "2709"]
[TimeControl "180+1"]
[EndTime "11:34:11 PDT"]
[Termination "noblerone won by resignation"]

1. d4 d6 2. Nf3 g6 3. g3 Bg7 4. Bg2 Nf6 5. O-O O-O 6. c4 Nbd7 7. Nc3 e5 8. b3 Re8 9. dxe5 dxe5 10. e4 c6 11. Bb2 Qc7 12. Rc1 Nc5 13. Qe2 Bg4 14. h3 Bxf3 15. Bxf3 Qc8 16. Bg2 Ne6 17. Na4 Nd7 18.
c5 Qc7 19. Rfd1 Rad8 20. b4 Nd4 21. Qc4 Nf8 22. Bxd4 exd4 23. f4 h5 24. e5 Ne6 25.
h4 Qe7 26. Nb2 f6 27. exf6 Qxf6 28. Nd3 Kh7 29. Re1 Qf5 30. Rcd1 Qg4 31. Kh2 Nc7 32. Nf2 Qd7 33. Ne4 Nd5 34. Ng5+ Kh8 35. Bxd5 cxd5 36. Qd3 Qc6 37. Nf7+ Kg8 38. Nxd8 Rxd8 39. Re2 a5 40. a3 axb4 41. axb4 Qf6 42. Rde1 Rd7 43. Re6 Qf5 44. Qxf5 gxf5 45. b5 Kf7 46. c6 bxc6 47. bxc6 Rc7 48. Rd6 d3 49. Rd7+ Rxd7 50. cxd7 Bf6 51. Kg2 d4 52. Kf3 d2 53.
Rd1 Ke7 54. Rxd2 Kxd7 55. Ke2 Ke6 56. Kd3 Kf7 57. Ra2 Kg6 58. Ra6 Kf7 59. Rd6 Ke7 60. Ra6 Kf7 61. Kc4 Ke7 62. Ra3 Kd6 63. Ra6+ Ke7 64.
Kd5 d3 65. Ra7+ Kf8 66. Ke6 Bc3 67. Rf7+ Kg8 68. Rxf5 d2 69. Rd5 Kg7 70. Kf5 Kh6 71.
Ke4 Kg6 72. Ke3 Ba5 73. Rxd2 Bxd2+ 74. Kxd2 Kf5 75. Ke2 Kg4 76. Kf2 1-0

[Event "*** Titled Tuesday Blitz"]
[Site "Chess.com"]
[Date "2020.05.12"]
[Round "8"]
[White "BelaKis"]
[Black "Khayala13"]
[Result "0-1"]
[WhiteElo "2114"]
[BlackElo "2361"]
[TimeControl "180+1"]
[EndTime "11:34:12 PDT"]
[Termination "Khayala13 won by checkmate"]

1. Nf3 Nf6 2. g3 b6 3. Bg2 Bb7 4. O-O e6 5. d3 c5 6. a3 Be7 7. Nbd2 O-O 8. c4 d6 9. b3 Nbd7 10. Bb2 Rc8 11. b4 a6 12. Qb3 cxb4 13. axb4 b5 14.
cxb5 axb5 15. Ra5 Nc5 16. Qa3 Na4 17. Rxb5 Bc6 18. Ra5 Nxb2 19. Qxb2 Rb8 20. Rfa1 Nd5 21. b5 Bd7 22. Nc4 Bf6 23. d4 Qc7 24. Nfd2 Nb6 25. Ra7 Nxc4 26. Rxc7 Nxb2 27. Rxd7 d5 28. e3 Rxb5 29.
Bf1 Rb4 30. Raa7 g6 31. Kg2 Nd1 32. Rab7 Rxb7 33. Rxb7 Nc3 34. Nb3 Ne4 35. f3 Nd6 36.
Rc7 Rb8 37. Nc5 Rb2+ 38. Kh3 Nf5 39. Rc8+ Kg7 40. Rc7 Nxe3 41. Nxe6+ Kh6 42. Ba6 fxe6 43. Rc6 Bxd4 44. Rxe6 Nf5 45. Bc8 Rb8 46. Ba6 Kg7 47. Bd3 Kf7 48. Ra6 Bf6 49. g4 Nd4 50. Ra7+ Be7 51.
Rd7 Nxf3 52. Rxd5 Ng5+ 53. Kg3 Ne6 54. h4 Rb3 55. g5 Nc5 56. Rxc5 Bxc5 57. Kg4 Bd6 58.
h5 Rxd3 59. h6 Rg3+ 60. Kh4 Rg1 61. Kh3 Rxg5 62. Kh4 Rh5+ 63. Kg4 Rxh6 64. Kf3 Kf6 65. Ke4 g5 66. Kd5 Rh4 67. Kxd6 g4 68. Kd5 g3 69. Kd6 g2 70. Kd7 g1=Q 71. Kc6 Qc1+ 72. Kd5 Rh2 73.
Ke4 Re2+ 74. Kf3 Qf1+ 75. Kg3 Rg2+ 76. Kh3 Qh1# 0-1

[Event "*** Titled Tuesday Blitz"]
[Site "Chess.com"]
[Date "2020.05.12"]
[Round "8"]
[White "Bagirova"]
[Black "bait_or_mate"]
[Result "1-0"]
[WhiteElo "2201"]
[BlackElo "2451"]
[TimeControl "180+1"]
[EndTime "11:34:14 PDT"]
[Termination "Bagirova won on time"]

1. d4 Nf6 2. Nf3 d5 3. Bf4 e6 4.
e3 c5 5. c3 Nc6 6. Bd3 Qb6 7.
Qc1 Bd7 8. Nbd2 Rc8 9. a3 Na5 10. O-O cxd4 11. exd4 Be7 12. Ne1 O-O 13. Nef3 Bb5 14.
Bxb5 Qxb5 15. Re1 Rfd8 16. Rb1 Qd3 17. Qd1 Qf5 18. Bg3 b5 19. Ne5 Nc4 20. Ndxc4 bxc4 21. Qa4 Ne4 22. Nc6 Re8 23. Qa6 Bg5 24. Nxa7 Ra8 25.
Qb7 Bd2 26. Rf1 Bxc3 27. bxc3 Nxc3 28. Rb2 Qd3 29. Nc6 Ne2+ 30. Rxe2 Qxe2 31. Ne5 Qh5 32.
Qb5 Reb8 33. Qc5 Rc8 34. Qb5 c3 35. Rc1 c2 36. Nf3 Qh6 37. Qb2 Qg6 38. Ne1 Ra6 39. Rxc2 Rf8 40. h4 Qe4 41. Nf3 Ra4 42. Rc7 h6 43.
Rb7 Kh7 44. Rb4 Ra5 45. Rb5 Ra6 46. Rb7 Ra4 47. Ne5 Kg8 48. Nxf7 Rxf7 49. Rb8+ Kh7 50. Rc8 Qe1+ 51. Kh2 Qe4 52. Qb8 Kg6 53. Rg8 Rxd4 54.
Qe8 Rd3 55. h5+ Kxh5 56. Qxf7+ Qg6 57. Qf8 Rd4 58. Rxg7 Qf5 59. Rf7 Qg6 60. Rg7 Qf5 61.
Qe8+ 1-0

[Event "*** Titled Tuesday Blitz"]
[Site "Chess.com"]
[Date "2020.05.12"]
[Round "8"]
[White "MisiekZielony"]
[Black "calin_dragomirescu"]
[Result "1/2-1/2"]
[WhiteElo "2123"]
[BlackElo "2287"]
[TimeControl "180+1"]
[EndTime "11:34:14 PDT"]
[Termination "Game drawn - insufficient material"]

1. c4 g6 2. Nc3 Bg7 3. g3 Nf6 4. Bg2 O-O 5. e4 d6 6. Nge2 c5 7. O-O Nc6 8. d3 Bd7 9. h3 a6 10. Be3 Rb8 11. a4 Ne8 12. d4 cxd4 13. Nxd4 Nc7 14. Kh2 Ne6 15. Nde2 h5 16. f4 Nc5 17. Rb1 a5 18. b3 Nb4 19. Nd4 Qc7 20. Nd5 Nxd5 21.
exd5 Rfe8 22. Bg1 Bf6 23. Rb2 Qb6 24. Rb1 Qc7 25. Nb5 Bxb5 26. axb5 b6 27. g4 hxg4 28. hxg4 Bg7 29. Bd4 Bxd4 30. Qxd4 Qd7 31. Kg3 f6 32. g5 Kg7 33. Bh3 Qd8 34. f5 Rh8 35. fxg6 Rxh3+ 36.
Kxh3 Qd7+ 37. Kg2 Rf8 38. gxf6+ Rxf6 39. Rxf6 exf6 40. Qh4 Kxg6 41. Rf1 f5 42. Rh1 Qg7 43. Kh2 Qb2+ 44. Kh3 Qxb3+ 45. Qg3+ Qxg3+ 46. Kxg3 Kf6 47. Kf4 Nd3+ 48. Ke3 Ne5 49. Kd4 Nf3+ 50. Kc3 Ke5 51. Rh6 f4 52. Re6+ Kf5 53. Rxd6 Ne5 54. Rxb6 f3 55. Rh6 Ke4 56. Rh1 a4 57. b6 a3 58. b7 Nd7 59. c5 Kxd5 60. Ra1 Kc6 61. b8=Q Nxb8 62. Kd3 Nd7 63. Rxa3 Nxc5+ 64. Ke3 Kb5 65.
Kxf3 Kb4 66. Rb3+ Kxb3 1/2-1/2

[Event "*** Titled Tuesday Blitz"]
[Site "Chess.com"]
[Date "2020.05.12"]
[Round "8"]
[White "Savva09022009"]
[Black "AndrewMaco"]
[Result "0-1"]
[WhiteElo "2396"]
[BlackElo "2560"]
[TimeControl "180+1"]
[EndTime "11:34:16 PDT"]
[Termination "AndrewMaco won by resignation"]

1. d4 Nf6 2. Nc3 d5 3. Bf4 e6 4. e3 Bb4 5. Bd3 O-O 6. Nf3 c5 7. a3 Bxc3+ 8. bxc3 c4 9. Be2 Ne4 10. O-O Nxc3 11. Qe1 Nxe2+ 12. Qxe2 Nc6 13. Ne5 Bd7 14.
Nxc6 Bxc6 15. c3 f6 16. Qg4 Qe7 17. Qg3 Rad8 18. a4 Be8 19. a5 Bg6 20. a6 b6 21.
f3 Rfe8 22. Qh4 Bd3 23. Rfe1 g5 24. Qg4 Bf5 25. Qg3 Kh8 26. Bc7 Rd7 27. e4 dxe4 28. fxe4 Bg6 29. e5 Rxc7 30. exf6 Qf7 31. d5 Rcc8 32. d6 Rcd8 33. Qe5 h6 34. Re3 Bf5 35. Rf1 Rf8 36. Qd4 Qd7 37. g4 Bg6 38. Rh3 h5 39. gxh5 Bf5 40. Rg3 Qxd6 41. Qxc4 Qc5+ 42. Qxc5 bxc5 43.
Rxg5 Rxf6 44. Rf2 Rd1+ 45. Rf1 Rxf1+ 46. Kxf1 Rf8 47. Ke2 Rd8 48. h6 Rd7 49. Ke3 Kh7 50. Kf4 Kxh6 51. Rg3 Rd6 52. Ke5 Rxa6 53. Kf6 Kh5 54. Rg7 Kh4 55. Rc7 Ra5 56. Ke5 Kh3 57. c4 Kxh2 58. Rg7 Kh3 59. Kd6 Kh4 60. Rg1 Bg4 61.
Rf1 Kg5 62. Rf7 Bf5 63. Rf8 Kf4 64. Rg8 Ke4 65. Rg1 Kd4 66. Rc1 Ra6+ 67. Kc7 Rb6 68.
Re1 e5 0-1

[Event "*** Titled Tuesday Blitz"]
[Site "Chess.com"]
[Date "2020.05.12"]
[Round "8"]
[White "northridgehawk"]
[Black "Nikithebest"]
[Result "0-1"]
[WhiteElo "2248"]
[BlackElo "2386"]
[TimeControl "180+1"]
[EndTime "11:34:18 PDT"]
[Termination "Nikithebest won by resignation"]

1. e4 c5 2. Nf3 d6 3. d4 cxd4 4. Nxd4 Nf6 5. Nc3 g6 6. Be3 a6 7. h3 b5 8. g4 Bb7 9. Bg2 Qc7 10. O-O Bg7 11. Qe2 O-O 12. Nd5 Qd8 13. c3 Nbd7 14. f4 e5 15. Nb3 Nxd5 16. exd5 exf4 17.
Bxf4 Ne5 18. Rad1 Rc8 19. Kh2 Re8 20. Qf2 Qd7 21. Na5 Ba8 22. Rfe1 Qc7 23. Nb3 Nc4 24. Nd4 Ne5 25. Nc6 Bxc6 26. dxc6 Nxc6 27. Rxd6 Be5 28. Rxe5 Nxe5 29. Rd5 f6 30. g5 fxg5 31. Bg3 Qg7 32.
Qb6 Rc6 33. Qd4 Rce6 34. Rd6 Rxd6 35. Qxd6 Nf7 36. Qxa6 Re2 37. Qxb5 Re7 38. Qb8+ Qf8 39. Qb4 Qe8 40. Bd5 Re2+ 41. Kg1 Kg7 42. Qd4+ Kh6 43. h4 gxh4 44. Qxh4+ Kg7 45. Qd4+ Kf8 46. Bf3 Re7 47.
c4 Qd8 48. Bd5 Qe8 49. c5 Re2 50. Bd6+ Nxd6 51. Qh8+ Ke7 52. Qg7+ Nf7 53. Bxf7 Qxf7 54.
Qd4 Re6 55. c6 Rxc6 56. Qe4+ Re6 57. Qb7+ Kf6 58. b4 Qxb7 0-1